AoeStats
← WarioTime™

Socotra

505727469Analyzed
2v2 RM · 20d ago on Sep 10, 2026· 73m 17s· 4 players
Game mode
Random Map
Map size
Tiny (2 player)
Population
200
Speed
Normal
Resources
Standard
Victory
Conquest
Starting age
Dark Age
Ending age
Imperial Age
RankedLock teamsTeams togetherTeam positionsShared explorationLock speedFull tech treeHidden civsTurbo modeCheats
Victory
Defeat
🇩🇪 Franks · Germany
709
+14
🇩🇪 Aztecs · Germany
709
+14
🇨🇿 Cumans · Czechia
692
-15
🇨🇿 Japanese · Czechia
645
-13
Who Is !Yuri
10:34 Feudal Age
10:36 Man-at-Arms
14:00 Double-Bit Axe
15:20 Horse Collar
15:28 Loom
22:09 Wheelbarrow
25:06 Scale Mail Armor
25:16 Forging
25:00 Fletching
28:19 Castle Age
28:19 Scale Barding Armor
30:42 Hand Cart
30:49 Long Swordsman
31:14 Gambesons
31:30 Squires
31:16 Arson
31:40 Thumb Ring
30:56 Crossbowman
36:16 Iron Casting
35:57 Chain Mail Armor
69:39 Pikeman
Sejko Nopí
10:26 Feudal Age
10:19 Loom
12:26 Wheelbarrow
15:34 Town Watch
17:53 Horse Collar
21:25 Double-Bit Axe
29:48 Castle Age
28:24 Fletching
28:34 Padded Archer Armor
29:43 Forging
29:39 Scale Barding Armor
29:44 Gold Mining
29:49 Stone Mining
31:52 Hand Cart
32:00 Thumb Ring
32:09 Bloodlines
34:22 Steppe Husbandry
35:21 Town Patrol
39:52 Murder Holes
40:18 Ballistics
41:41 Bodkin Arrow
42:02 Leather Archer Armor
42:23 Iron Casting
42:09 Chain Barding Armor
41:50 Scale Mail Armor
46:11 Imperial Age
47:16 Cuman Mercenaries
46:37 Elite Kipchak
48:05 Ring Archer Armor
48:36 Blast Furnace
48:13 Plate Barding Armor
49:06 Conscription
49:12 Conscription
50:56 Chemistry
50:07 Masonry
53:23 Elite Steppe Lancer
BigMaster62
8:28 Loom
11:05 Feudal Age
19:23 Double-Bit Axe
23:14 Stone Mining
24:08 Gold Mining
25:01 Scale Barding Armor
29:10 Castle Age
27:40 Scale Barding Armor
27:45 Forging
27:59 Forging
29:11 Scale Mail Armor
30:02 Wheelbarrow
29:56 Scale Mail Armor
29:48 Fletching
29:59 Padded Archer Armor
30:49 Husbandry
31:14 Chain Barding Armor
31:29 Iron Casting
30:47 Arson
31:02 Squires
30:49 Gambesons
32:32 Chain Mail Armor
32:14 Bodkin Arrow
32:34 Leather Archer Armor
35:47 Caravan
37:01 Hand Cart
40:47 Bow Saw
42:12 Gold Shaft Mining
45:01 Caravan
45:31 Coinage
51:11 Imperial Age
51:22 Elite Throwing Axeman
51:35 Cavalier
53:07 Plate Barding Armor
53:32 Blast Furnace
52:58 Paladin
56:05 Plate Mail Armor
70:18 Conscription
WarioTime™
14:01 Feudal Age
15:40 Forging
15:31 Scale Mail Armor
16:17 Loom
18:44 Man-at-Arms
19:35 Arson
20:22 Arson
27:31 Castle Age
28:55 Squires
29:37 Iron Casting
30:35 Chain Mail Armor
31:43 Eagle Warrior
50:50 Devotion
51:11 Fervor
51:28 Sanctity
Connection lost

Rejoining the realm…

Still unreachable

The connection could not be restored.

Session expired

The server has moved on; the page needs a fresh start.